 Dungeon Crawl Stone Soup version 0.31-a0-1547-g618ab1f346 (webtiles) character file.

Game seed: 6474714623440681298

3866 Flugslaktarn the Fighter (level 9, -13/89 HPs)
             Began as a Minotaur Fighter on Jan 2, 2024.
             Was an Initiate of Yredelemnul.
             Mangled by a death yak (16 damage)
             ... on level 8 of the Dungeon.
             The game lasted 00:04:08 (6886 turns).

Flugslaktarn the Fighter (Minotaur Fighter)         Turns: 6886, Time: 00:04:09

Health: -13/89     AC: 19    Str: 24    XL:     9   Next: 99%
Magic:  10/10      EV:  7    Int:  5    God:    Yredelemnul [......]
Gold:   393        SH:  4    Dex: 11    Spells: 8/8 levels left

rFire   + . .        y - +2 war axe
rCold   . . .        c - +0 buckler
rNeg    . . .        u - +0 plate armour
rPois   .            (helmet restricted)
rElec   .            b - +0 cloak
rCorr   .            (no gloves)
SInv    .            (no boots)
Will    .....        (no amulet) Stlth
                     p - +4 ring of protection
HPRegen 0.34/turn    f - ring of protection from fire
MPRegen 0.12/turn

%: no passive effects
@: about to teleport
A: horns 2, retaliatory headbutt
a: Renounce Religion, Recall Undead Harvest


You were on level 8 of the Dungeon.
You worshipped Yredelemnul.
Yredelemnul was noncommittal.
You visited 1 branch of the dungeon, and saw 9 of its levels.

You collected 393 gold pieces.

Inventory:

Hand Weapons
 y - a +2 war axe (weapon)
   (You took it off a wight on level 8 of the Dungeon)
Armour
 b - a +0 cloak (worn)
   (You took it off Crazy Yiuf on level 3 of the Dungeon)
 c - a +0 buckler (worn)
 u - a +0 plate armour (worn)
   (You found it on level 3 of the Dungeon)
Jewellery
 f - a ring of protection from fire (right hand)
   (You took it off an orc wizard on level 4 of the Dungeon)
 p - a +4 ring of protection (left hand)
   (You found it on level 6 of the Dungeon)
 B - an amulet of faith
   (You found it on level 8 of the Dungeon)
 C - a ring of flight
   (You found it on level 8 of the Dungeon)
 F - the ring "Xoofoul" {rC+ rCorr}
   (You took it off an orc on level 8 of the Dungeon)

   [ring of protection from cold]

   rC+:       It protects you from cold.
   rCorr:     It protects you from acid and corrosion.
Wands
 k - a wand of acid (11)
   (You took it off an orc on level 7 of the Dungeon)
 m - a wand of charming (4)
   (You found it on level 7 of the Dungeon)
 x - a wand of mindburst (8)
   (You found it on level 2 of the Dungeon)
Scrolls
 a - a scroll of poison {unknown}
 h - a scroll of vulnerability
 l - 2 scrolls of revelation {unknown}
 o - a scroll of enchant armour {unknown}
 r - 4 scrolls of identify
 s - a scroll of fear {unknown}
 v - 2 scrolls of enchant weapon {unknown}
 z - a scroll of blinking
 A - a scroll of acquirement {unknown}
Potions
 d - a potion of might
 e - a potion of magic {unknown}
 g - 2 potions of brilliance {unknown}
 i - a potion of mutation {unknown}
 j - a potion of lignification {unknown}
 n - a potion of attraction {unknown}
 q - 10 potions of curing
 w - 2 potions of heal wounds
 D - a potion of cancellation {unknown}
 E - a potion of berserk rage {unknown}


   Skills:
 * Level 11.2 Fighting
 * Level 10.8 Axes
 + Level 8.4 Armour
 - Level 3.6 Shields
 * Level 2.7 Invocations


You had 8 spell levels left.
You didn't know any spells.
Your spell library contained the following spells:

 Spells                   Type           Power      Damage    Failure   Level
 Blink                    Tloc           0%         N/A       100%        2
 Ensorcelled Hibernation  Hex/Ice        0%         N/A       100%        2
 Lesser Beckoning         Tloc           0%         N/A       100%        2
 Momentum Strike          Conj/Tloc      0%         3d8       100%        2
 Gell's Gravitas          Tloc           0%         N/A       100%        3
 Inner Flame              Hex/Fire       0%         N/A       100%        3
 Passwall                 Erth           0%         N/A       100%        3
 Swiftness                Air            0%         N/A       100%        3
 Teleport Other           Tloc           0%         N/A       100%        3
 Irradiate                Conj/Alch      0%         3d11      100%        5
 Dispersal                Tloc           0%         N/A       100%        6
 Ignition                 Fire           0%         3d3       100%        8


Dungeon Overview and Level Annotations

Branches:
Dungeon (9/15)             Temple (0/1) D:7            Lair (0/5) D:9
    Orc: D:9-12

Altars:
Ashenzari
Cheibriados
Elyvilon
Gozag
Vehumet
Yredelemnul
Zin

Annotations:
D:5 1 exclusion, Blork the orc


Innate Abilities, Weirdness & Mutations

You have a pair of horns on your head.
You reflexively headbutt those who attack you in melee.


Message History

a +0 whip; a +0 scale mail You see here a +1 flail of protection.
There is an open door here.
r - 4 scrolls of identify (gained 1)
You swap places.
You swap places.
You swap places.
There is an open door here.
You see here a +0 mace.
Things that are here:
a +0 club; a +0 leather armour
There is an open door, spattered with blood here.
Things that are here:
a +0 hand axe; a +0 leather armour
Things that are here:
a +0 hand axe; a +0 chain mail
Found a maw talisman.
Found a stone staircase leading up.
Unknown command.
You swap places.
You swap places.
You swap places.
You swap places.
You swap places.
You swap places.
You see here a +0 leather armour.
Your vampire disappears in a puff of smoke!
There is an open door here.
Done exploring.
Done exploring.
Unknown command.
Done exploring.
There is a stone staircase leading down here.
Done exploring.
Done exploring.
Okay, then.
Done exploring.
Done exploring.
No target in view!
You swap places.
There is a stone staircase leading down here.
You climb downwards.
Your mindless puppets stay behind to rot.
The death yak bellows!
You hear a bellow! x2; You hear a deafening roar!
You hear a loud squeak.
You hear a shout!
Found 14 gold pieces and a crooked smoking staff.
There is a stone staircase leading up here.
A death yak is nearby!
Unknown command.
A death yak is nearby!
A death yak is nearby!
A death yak comes into view.
Found a staircase to the Lair.
The death yak bellows!
You hear a loud squeak.
A centaur comes into view.
The centaur shouts!
You hear a loud squeak.
The centaur wields a +0 orcbow.
The centaur shoots an arrow.
The arrow hits you but does no damage.
A quokka comes into view.
A hell rat comes into view.
A death yak comes into view.
The death yak bellows!
The hell rat roars deafeningly!
You slice the death yak!!
The death yak is moderately wounded.
You hear a loud squeak.
A quokka comes into view.
The centaur shoots an arrow.
The arrow closely misses you.
A river rat comes into view.
The death yak gores you.
The centaur shoots an arrow.
The arrow hits you.
The death yak attacks as it pursues you!
The death yak gores you!!
There is a stone staircase leading up, spattered with blood here.
You block the death yak's attack.
The death yak gores you but does no damage.
You climb upwards.
There is a stone staircase leading down here.
You slash the death yak!
The death yak is heavily wounded.
You hit the death yak.
The death yak gores you but does no damage. x2
You hit the death yak but do no damage.
The death yak is heavily wounded.
You hit the death yak but do no damage. The death yak gores you! x2
You are too injured to fight recklessly!
You are too injured to fight recklessly!
You slash the death yak! Your headbutt misses the death yak.
The death yak is heavily wounded.
You slash the death yak! The death yak gores you! The death yak gores you.
* * * LOW HITPOINT WARNING * * *
As you read the scroll of teleportation, it crumbles to dust.
You feel strangely unstable. The death yak gores you!
* * * LOW HITPOINT WARNING * * *
The death yak gores you!
* * * LOW HITPOINT WARNING * * *
Unknown command.
The death yak attacks as it pursues you!
The death yak gores you but does no damage.
The death yak gores you!
You die...
Your body rises from the dead as a mindless zombie.

#.# #.# #%# #Z# ############
############Z# .#.........#
#.........##Z#
.#)........####.........##.#
Z').......[[[..>Y.......##Z#
.#).....[.[####Y@.......##V#
V#......Z..# #.........##Z#
Z#.........# #.##########.#
.########### #.##########Z#
.# #..........Z.# ##
############.############
#.ZZ......[............#
#Z##########.#########.# #.#
#....# #.#


You could see 2 death yaks.

Vanquished Creatures
  Pikel (D:4)
  An ugly thing (D:6)
  Grinder (D:4)
  A steam dragon (D:7)
  Duvessa (D:4)
  An ice beast (D:7)
  A sky beast (D:8)
  2 black bears (D:5)
  A centaur (D:8)
  A lemure (D:4)
  A bullfrog (D:7)
  4 scorpions
  10 wights
  Dowan (D:4)
  6 killer bees (D:8)
  2 howler monkeys
  A bombardier beetle (D:6)
  4 hounds
  A jelly (D:8)
  3 orc priests
  A sleepcap (D:5)
  Crazy Yiuf (D:3)
  2 iguanas
  4 orc wizards
  7 gnolls
  8 adders
  A shadow imp (D:6)
  A dart slug (D:4)
  A ribbon worm (D:2)
  23 orcs
  7 ball pythons
  7 endoplasms
  4 giant cockroaches
  5 goblins
  8 hobgoblins
  2 jackals (D:2)
  4 quokkas
  3 bats (D:2)
  3 frilled lizards
  7 kobolds
  4 rats
147 creatures vanquished.

Vanquished Creatures (collateral kills)
  2 bullfrogs (D:8)
  A gnoll bouda (D:7)
  An orc wizard (D:7)
  A gnoll (D:7)
  3 orcs (D:8)
8 creatures vanquished.

Vanquished Creatures (others)
  An orc zombie (D:8)
1 creature vanquished.

Grand Total: 156 creatures vanquished

Notes
Turn   | Place    | Note
-------+----------+-------------------------------------------
     0 | D:1      | Flugslaktarn the Minotaur Fighter began the quest for the
                  | Orb.
     0 | D:1      | Reached XP level 1. HP: 19/19 MP: 0/0
   421 | D:1      | Reached XP level 2. HP: 27/27 MP: 1/1
   563 | D:1      | Reached skill level 4 in Fighting
   942 | D:2      | Reached XP level 3. HP: 25/33 MP: 2/2
  1259 | D:2      | Reached XP level 4. HP: 41/41 MP: 3/3
  1939 | D:3      | Reached skill level 5 in Fighting
  2015 | D:3      | Noticed a scorpion
  2029 | D:3      | Killed a scorpion
  2030 | D:3      | Reached XP level 5. HP: 15/48 MP: 4/4
  2535 | D:3      | Found a runed translucent door.
  2536 | D:3      | Noticed Crazy Yiuf
  2543 | D:3      | Killed Crazy Yiuf
  2658 | D:4      | Noticed Duvessa
  2663 | D:4      | Noticed Dowan
  2676 | D:3      | Reached skill level 5 in Axes
  2846 | D:4      | Reached XP level 6. HP: 55/56 MP: 5/5
  2860 | D:4      | Killed Duvessa
  2861 | D:4      | Reached skill level 6 in Fighting
  2861 | D:4      | Reached skill level 5 in Armour
  2868 | D:4      | Killed Dowan
  2869 | D:4      | Reached XP level 7. HP: 21/64 MP: 6/6
  3021 | D:4      | Reached skill level 7 in Fighting
  3344 | D:4      | Noticed Grinder
  3351 | D:4      | Killed Grinder
  3399 | D:4      | You fall into a shaft and drop 3 floors!
  3455 | D:7      | Noticed a steam dragon
  3463 | D:7      | Killed a steam dragon
  3464 | D:7      | Reached XP level 8. HP: 56/74 MP: 7/7
  3557 | D:7      | Reached skill level 8 in Fighting
  3750 | D:6      | Found a radiant altar of Vehumet.
  3755 | D:5      | Entered Level 5 of the Dungeon
  3868 | D:4      | Noticed Pikel
  3878 | D:4      | Killed Pikel
  3879 | D:4      | Reached skill level 9 in Fighting
  4187 | D:5      | Found a glowing silver altar of Zin.
  4224 | D:5      | Reached XP level 9. HP: 85/85 MP: 8/8
  4462 | D:5      | Noticed Blork the orc
  4635 | D:6      | Noticed a white ugly thing
  4674 | D:6      | Killed a white ugly thing
  4675 | D:6      | Reached skill level 10 in Fighting
  4851 | D:6      | Found a broken altar of Ashenzari.
  4911 | D:6      | Found a white marble altar of Elyvilon.
  4933 | D:6      | Found a basalt altar of Yredelemnul.
  4962 | D:6      | Became a worshipper of Yredelemnul the Dark
  5195 | D:6      | Reached skill level 10 in Axes
  5298 | D:7      | Reached * piety under Yredelemnul
  5477 | D:7      | Found a staircase to the Ecumenical Temple.
  5548 | D:7      | Reached ** piety under Yredelemnul
  6031 | D:8      | Found an opulent altar of Gozag.
  6035 | D:8      | Reached skill level 1 in Invocations
  6337 | D:8      | Found a snail-covered altar of Cheibriados.
  6418 | D:8      | Reached skill level 11 in Fighting
  6677 | D:8      | Identified the ring "Xoofoul" {rC+ rCorr}
  6874 | D:9      | Noticed a death yak
  6875 | D:9      | Found a staircase to the Lair.
  6875 | D:9      | Noticed a death yak
  6876 | D:9      | Noticed a death yak
  6885 | D:8      | HP: 3/89 [death yak (11)]
  6886 | D:8      | Mangled by a death yak

Illustrated notes

Levels and vault maps discovered:
D:1:      hellmonk_arrival_library, layout_basic
D:2:      layout_basic
D:3:      layout_basic, dreamdust_princess_corridor, grunt_decor_cap,
          uniq_crazy_yiuf_cottage
D:4:      layout_cave_pools, uniq_duvessa, uniq_pikel, uniq_grinder
D:5:      layout_rooms, tgw_sif, mainiacjoe_overflow_alcove_4,
          uniq_prince_ribbit1
D:6:      nicolae_cairo_tiling_large_dashed, layout_rooms,
          mainiacjoe_overflow_small_starburst, lemuel_tele_altar,
          elyvilon_altar_3, mainiacjoe_overflow_paths
D:7:      layout_gridville, minmay_temple_entry_hall, st_stairs_8
D:8:      layout_basic, old_standard_altar, overflow_temple_1_default
D:9:      layout_long_grid, kennysheep_little_box, mainiacjoe_overflow_alcove_1,
          dpeg_lair_monsters, serial_shops, nicolae_shop_bloodbath_and_beyond

Skill      XL: |  1  2  3  4  5  6  7  8  9 |
---------------+----------------------------+-----
Fighting       | 4 5 6 7 9 11 | 11.2
Axes           | 3 4 5 6 7 9 10 | 10.8
Armour         | 4 5 6 7 8 |  8.4
Invocations    | 2 |  2.7
Shields        | |  3.6

Action                     |  1- 3 |  4- 6 |  7- 9 || total
---------------------------+-------+-------+-------++-------
  Melee: War axe           |    73 |    79 |   242 ||   394
         Headbutt          |     6 |    13 |    49 ||    68
 Invoke: Dark Bargain      |       |       |     1 ||     1
  Evoke: Wand              |       |       |     5 ||     5
    Use: Scroll            |       |     5 |     4 ||     9
         Potion            |       |     2 |     1 ||     3
 Armour: Scale mail        |    50 |     5 |       ||    55
         Chain mail        |       |    32 |       ||    32
         Plate armour      |       |    55 |   285 ||   340
  Dodge: Dodged            |    28 |    25 |    81 ||   134
  Block: Buckler           |    20 |    19 |    47 ||    86

Table legend: (Time is in decaauts)
 A = Elapsed time spent in this place.
 B = Non-inter-level travel time spent in this place.
 C = Inter-level travel time spent in this place.
 D = Time resting spent in this place.
 E = Time spent auto-exploring this place.
 F = Levels seen in this place.
 G = Mean time per level.
                   A        B        C        D        E       F      G
               +--------+--------+--------+--------+--------+-----+--------+
         Total |   6961 |   6698 |    263 |    957 |   4585 |   9 |  773.4 |
       Dungeon |   6961 |   6698 |    263 |    957 |   4585 |   9 |  773.4 |
               +--------+--------+--------+--------+--------+-----+--------+

Top non-repeatable levels by time:
     D:3: 1183 daAuts
     D:7: 1171 daAuts
     D:4: 885 daAuts
     D:1: 869 daAuts
     D:8: 797 daAuts
     D:6: 759 daAuts
     D:2: 739 daAuts
     D:5: 547 daAuts
     D:9: 6 daAuts
